 Dungeon Crawl Stone Soup version 0.29-a0-330-g52719c12eb (webtiles) character file.

Game seed: 14444676166412293837

131 YayAnonymity the Chopper (level 5, -2/45 HPs)
             Began as a Hill Orc Fighter on Apr 13, 2022.
             Killed from afar by an orc wizard (4 damage)
             ... with a magic dart
             ... on level 6 of the Dungeon.
             The game lasted 00:02:40 (2861 turns).

YayAnonymity the Chopper (Hill Orc Fighter)         Turns: 2861, Time: 00:02:40

Health: -2/45      AC:  6    Str: 21    XL:     5   Next: 14%
Magic:  5/5        EV:  9    Int:  8    God:
Gold:   191        SH:  4    Dex: 10    Spells: 4/4 levels left

rFire   . . .      SeeInvis .   a - +0 war axe
rCold   . . .      Faith    +   c - +0 buckler
rNeg    . . .      Spirit   .   b - +0 scale mail
rPois   .          Reflect  .   (no helmet)
rElec   .          Harm     .   (no cloak)
rCorr   .          Rampage  .   (no gloves)
Will    .....                   (no boots)
Stlth   ..........              h - amulet of faith
HPRegen 0.15/turn               (no ring)
MPRegen 0.09/turn               (no ring)

@: no status effects
A: no striking features
a: no special abilities


You were on level 6 of the Dungeon.
You visited 1 branch of the dungeon, and saw 4 of its levels.

You collected 191 gold pieces.

Inventory:

Hand Weapons
 a - a +0 war axe (weapon)
Missiles
 l - 3 silver boomerangs (quivered)
Armour
 b - a +0 scale mail (worn)
 c - a +0 buckler (worn)
Jewellery
 h - an amulet of faith (around neck)
 k - a ring of resist corrosion
Wands
 r - a wand of flame (14)
Scrolls
 e - 3 scrolls of identify {unknown}
 f - a scroll of silence {unknown}
 g - a scroll of teleportation {unknown}
 i - a scroll of noise {unknown}
 j - a scroll of magic mapping {unknown}
 p - a scroll of enchant weapon {unknown}
Potions
 d - a potion of might
 m - a potion of invisibility {unknown}
 n - 2 potions of berserk rage {unknown}
 o - 2 potions of flight {unknown}
 q - a potion of mutation {unknown}


   Skills:
 - Level 3.6 Fighting
 * Level 6.3 Axes
 - Level 3.2 Armour
 - Level 4.0 Shields


You had 4 spell levels left.
You didn't know any spells.
Your spell library contained the following spells:

 Spells                   Type           Power      Damage    Failure   Level
 Sandblast                Erth           0%         2d4       83%         1


Dungeon Overview and Level Annotations

Branches:
Dungeon (3/15)

Altars:

Shops:
D:3 (


Message History

You slash the orc!
You kill the orc!
You hit the orc wizard. The jelly barely misses you.
The orc wizard hits you but does no damage.
You block the jelly's attack.
The orc wizard gestures at you while chanting.
The magic dart hits you.
You are too injured to fight recklessly!
You are too injured to fight recklessly!
You are too injured to fight recklessly!
You hit the jelly.
Your hands burn!
The jelly is almost dead.
You hit the orc wizard. You closely miss the orc.
You block the orc wizard's attack. The orc hits you with a +0 dagger.
The jelly closely misses you.
You slash the jelly!
You kill the jelly!
You hit the orc wizard but do no damage.
You barely miss the orc. The orc wizard casts a spell at you.
The puff of flame hits you.
* * * LOW HITPOINT WARNING * * *
The orc closely misses you.
Your Axes skill increases to level 6!
You have reached level 5!
You feel stronger.
You hit the orc wizard.
The orc wizard is heavily wounded.
You hit the orc.
The orc wizard hits you with a +0 dagger.
* * * LOW HITPOINT WARNING * * *
The orc hits you with a +0 dagger.
* * * LOW HITPOINT WARNING * * *
You closely miss the orc wizard.
The orc wizard is heavily wounded.
You slash the orc!
You kill the orc!
The orc wizard points at you and mumbles some strange words.
The magic dart hits you.
You die...

####
.....#########.
###........>..
#.....@o......
#.####.).####.
#####


You could see an orc wizard.

Vanquished Creatures
  A jelly (D:6)
  Ijyb (D:3)
  2 adders
  2 worms
  5 orcs
  7 bats
  3 endoplasms
  A giant cockroach (D:1)
  2 hobgoblins (D:1)
  4 jackals (D:1)
  3 kobolds
  7 ball pythons
  A frilled lizard (D:2)
  6 goblins
  2 rats
47 creatures vanquished.

Notes
Turn   | Place    | Note
-------+----------+-------------------------------------------
     0 | D:1      | YayAnonymity the Hill Orc Fighter began the quest for the
                  | Orb.
     0 | D:1      | Reached XP level 1. HP: 19/19 MP: 1/1
   196 | D:1      | Found a faded altar of an unknown god.
   206 | D:1      | Got Plato's Reference Book on Clay
   261 | D:1      | Reached skill level 3 in Axes
   346 | D:1      | Reached XP level 2. HP: 15/26 MP: 2/2
  1336 | D:2      | Reached skill level 4 in Axes
  1539 | D:2      | Reached XP level 3. HP: 16/31 MP: 3/3
  2482 | D:3      | Found Awnos's Weapon Shop.
  2701 | D:3      | Reached XP level 4. HP: 39/39 MP: 4/4
  2711 | D:3      | Reached skill level 5 in Axes
  2814 | D:3      | Noticed Ijyb
  2817 | D:3      | Killed Ijyb
  2851 | D:3      | You fall into a shaft and drop 3 floors!
  2860 | D:6      | Reached skill level 6 in Axes
  2860 | D:6      | Reached XP level 5. HP: 8/45 MP: 5/5
  2860 | D:6      | HP: 2/45 [orc/+0 dagger (3)]
  2861 | D:6      | Killed from afar by an orc wizard

Illustrated notes

Levels and vault maps discovered:
D:1:      dpeg_arrival_pond, layout_basic, shapermc_ecumenical_altar_rom_forum,
          minmay_curled_crystal, minmay_heptomino_d4
D:2:      minmay_diamond_boxcup, layout_basic
D:3:      layout_rooms, nzn_wu_jian_contemplation, serial_shops,
          nicolae_shop_stone, uniq_ijyb, uniq_robin
D:6:      layout_loops_ring, nemelex_diamond_rough_becter, corexii_shack,
          chequers_avenue, nicolae_shop_dragon_depot

Skill      XL: |  1  2  3  4 |
---------------+-------------+-----
Axes           | 3 4 6 |  6.3
Shields        | 4 |  4.0
Fighting       | |  3.6
Armour         | |  3.2

Action                   |  1- 3 |  4- 6 || total
-------------------------+-------+-------++-------
Melee: War axe           |   119 |    23 ||   142
Armor: Scale mail        |    63 |     7 ||    70
Dodge: Dodged            |    55 |    10 ||    65
Block: Buckler           |    24 |     6 ||    30

Table legend: (Time is in decaauts)
 A = Elapsed time spent in this place.
 B = Non-inter-level travel time spent in this place.
 C = Inter-level travel time spent in this place.
 D = Time resting spent in this place.
 E = Time spent auto-exploring this place.
 F = Levels seen in this place.
 G = Mean time per level.
                   A        B        C        D        E       F      G
               +--------+--------+--------+--------+--------+-----+--------+
         Total |   2907 |   2834 |     73 |    168 |   2307 |   4 |  726.8 |
       Dungeon |   2907 |   2834 |     73 |    168 |   2307 |   4 |  726.8 |
               +--------+--------+--------+--------+--------+-----+--------+

Top non-repeatable levels by time:
     D:1: 1308 daAuts
     D:2: 1178 daAuts
     D:3: 408 daAuts
     D:6: 11 daAuts
